 Dungeon Crawl Stone Soup version 0.23.0 (webtiles) character file.

Game seed: 15599451194978121466

73 Monsterracer the Skirmisher (level 4, -3/41 HPs)
             Began as a Hill Orc Arcane Marksman on Feb 15, 2019.
             Slain by an iguana (8 damage)
             ... on level 3 of the Dungeon.
             The game lasted 00:03:09 (2259 turns).

Monsterracer the Skirmisher (HOAM)                  Turns: 2259, Time: 00:03:10

Health: -3/41      AC:  6    Str: 13    XL:     4   Next: 27%
Magic:  5/5        EV:  9    Int: 13    God:
Gold:   77         SH:  0    Dex: 11    Spells: 4/5 levels left

rFire    . . .     SeeInvis .   b - +0 whip
rCold    . . .     Gourm    .   (no shield)
rNeg     . . .     Faith    .   h - +0 scale mail
rPois    .         Spirit   .   (no helmet)
rElec    .         Reflect  .   (no cloak)
rCorr    .         Harm     +   (no gloves)
MR       .....                  (no boots)
Stlth    ..........             j - amulet of harm
HPRegen  0.13/turn              (no ring)
MPRegen  0.09/turn              (no ring)

@: no status effects
A: no striking features
a: no special abilities


You were on level 3 of the Dungeon.
You were hungry.

You visited 1 branch of the dungeon, and saw 3 of its levels.

You collected 77 gold pieces.

Inventory:

Hand Weapons
 b - a +0 whip (weapon)
Missiles
 d - 2 throwing nets (quivered) {!f}
Armour
 h - a +0 scale mail (worn)
Jewellery
 j - an amulet of harm (around neck)
Scrolls
 a - a scroll of enchant weapon {unknown}
Potions
 e - a potion of mutation {unknown}
 f - 2 potions of heal wounds {unknown}
 g - a potion of flight {unknown}
 i - 2 potions of curing {unknown}
Comestibles
 c - 6 rations


   Skills:
 * Level 4.5 Fighting
 - Level 1.7 Throwing
 + Level 1.2 Armour
 - Level 1.5 Dodging
 - Level 1.0 Spellcasting
 - Level 3.0 Hexes


You had 4 spell levels left.
You knew the following spells:

 Your Spells              Type           Power        Failure   Level  Hunger
j - Corona                Hex            #......      36%         1    ##.....

Your spell library contained the following spells:

 Spells                   Type           Power        Failure   Level  Hunger
 Slow                     Hex            #.......     52%         2    ###....
 Inner Flame              Hex/Fire       #.......     91%         3    ####...
 Portal Projectile        Hex/Tloc       #.....       91%         3    ####...
 Cause Fear               Hex            #.........   98%         4    #####..
 Leda's Liquefaction      Hex/Erth       #.........   100%        4    #####..


Dungeon Overview and Level Annotations

Branches:
Dungeon (3/15)

Altars:


Message History

There is an escape hatch in the floor here.
Really go through this one-way escape hatch?
You slide downwards.
The hatch slams shut behind you.
A goblin comes into view. It is wielding a +0 dagger.
The goblin shouts!
Unknown command.
A goblin is nearby!
The goblin hits you but does no damage.
You barely miss the goblin. The goblin closely misses you.
The goblin barely misses you.
You barely miss the goblin. The goblin hits you but does no damage.
You hit the goblin.
You kill the goblin!
Things that are here:
a +0 dagger; a goblin corpse You start resting.
A worm comes into view.
You regained 4 hp, and now have 19/41 hp.
You start resting.
A goblin comes into view.
You regained 19 hp, and now have 38/41 hp.
Found a puce potion.
You hit the goblin.
You kill the goblin!
No target in view!
No target in view!
No target in view!
Key pressed, stopping explore.
Unknown command.
No target in view!
No target in view!
No target in view!
No target in view!
No target in view!
Unknown command.
Unknown command.
Unknown command.
HP restored.
You now have 77 gold pieces (gained 3).
f - 2 puce potions (gained 1)
An iguana comes into view.
Health restored: 41 An iguana is nearby!
The iguana barely misses you.
You hit the iguana but do no damage. The iguana closely misses you.
You hit the iguana but do no damage. The iguana bites you.
You take 4 damage, and have 37/41 hp.
You closely miss the iguana.
The iguana bites you but does no damage.
You barely miss the iguana.
The iguana bites you but does no damage.
You hit the iguana.
The iguana is lightly wounded.
The iguana misses you.
You hit the iguana but do no damage.
The iguana is lightly wounded.
The iguana bites you!
The iguana bites you but does no damage.
You take 14 damage, and have 24/41 hp.
MASSIVE DAMAGE!!
You are too injured to fight recklessly!
Your scale mail prevents you from hitting the iguana.
The iguana is lightly wounded.
The iguana closely misses you.
You are feeling hungry.
You hit the iguana.
The iguana is lightly wounded.
The iguana closely misses you.
You hit the iguana.
The iguana is moderately wounded.
The iguana bites you.
* * * LOW HITPOINT WARNING * * *
You take 6 damage, and have 18/41 hp.
You hit the iguana.
The iguana is heavily wounded.
The iguana bites you but does no damage.
Unknown command.
You closely miss the iguana.
The iguana is heavily wounded.
The iguana barely misses you.
You hit the iguana.
The iguana is severely wounded.
The iguana bites you but does no damage.
You hit the iguana but do no damage.
The iguana is severely wounded.
The iguana bites you.
* * * LOW HITPOINT WARNING * * *
You take 6 damage, and have 13/41 hp.
You hit the iguana but do no damage.
The iguana is severely wounded.
The iguana bites you!
* * * LOW HITPOINT WARNING * * *
You take 8 damage, and have 5/41 hp.
You barely miss the iguana.
The iguana is severely wounded.
The iguana bites you but does no damage.
Unknown command.
You barely miss the iguana.
The iguana is severely wounded.
The iguana bites you!
You die...

#############
......l@..#.#
#########.#.#
#######.#.####.#
...............#
#########.########
..........#
#.############.#.#
#.......# #.#.#
#####.######.#.#


You could see an iguana.

Vanquished Creatures
  2 adders (D:2)
  2 worms (D:2)
  A dart slug (D:2)
  2 leopard geckos (D:2)
  A ball python (D:1)
  7 bats (D:2)
  3 giant cockroaches
  7 goblins
  4 hobgoblins
  4 jackals (D:1)
  A quokka (D:2)
  A frilled lizard (D:2)
  4 kobolds
  2 rats (D:1)
41 creatures vanquished.

Notes
Turn   | Place    | Note
-------+----------+-------------------------------------------
     0 | D:1      | Monsterracer the Hill Orc Arcane Marksman began the quest
                  | for the Orb.
     0 | D:1      | Reached XP level 1. HP: 16/16 MP: 2/2
    81 | D:1      | Reached skill level 2 in Fighting
    92 | D:1      | Reached XP level 2. HP: 21/25 MP: 3/3
   309 | D:1      | HP: 9/25 [kobold/+0 whip (5)]
   334 | D:1      | HP: 4/25 [kobold/+0 whip (5)]
   374 | D:1      | HP: 6/25 [kobold/stone (1)]
   623 | D:2      | Reached skill level 3 in Fighting
   980 | D:1      | HP: 11/26 [gnoll/+0 spear (8)]
  1051 | D:2      | HP: 13/26 [goblin/+0 dagger (3)]
  1053 | D:2      | Reached XP level 3. HP: 15/31 MP: 4/4
  1385 | D:2      | HP: 16/33 [worm (9)]
  1694 | D:2      | Reached skill level 4 in Fighting
  1932 | D:2      | Reached skill level 1 in Armour
  1932 | D:2      | Reached XP level 4. HP: 35/41 MP: 5/5
  2005 | D:2      | HP: 18/41 [worm (10)]
  2010 | D:2      | HP: 16/41 [worm (1)]
  2252 | D:3      | HP: 18/41 [iguana (6)]
  2257 | D:3      | HP: 5/41 [iguana (8)]
  2259 | D:3      | Slain by an iguana

Skill      XL: |  1  2  3 |
---------------+----------+-----
Fighting       | 2 3 4 |  4.5
Armour         | 1 |  1.2
Throwing       | |  1.7
Dodging        | |  1.5
Spellcasting   | |  1.0
Hexes          | |  3.0

Action                   |  1- 3 |  4- 6 || total
-------------------------+-------+-------++-------
Melee: Unarmed           |    31 |       ||    31
       Whip              |   128 |    42 ||   170
Throw: Javelin           |    15 |       ||    15
       Throwing net      |     1 |       ||     1
  Eat: Chunk             |     3 |     1 ||     4
Armor: Robe              |    34 |       ||    34
       Scale mail        |    38 |    20 ||    58
Dodge: Dodged            |   147 |    19 ||   166

Levels and vault maps discovered:
D:1:      dpeg_arrival_subterranean_lakeside_camping, layout_basic
D:2:      layout_loops_corners, nicolae_overflow_crystal_walls,
          kennysheep_slug_shrine, first_ration, minmay_indecisive_spiral,
          uniq_jessica
D:3:      layout_basic, lemuel_crystal_altar, serial_aquarium,
          aquarium_bridge_square [aquarium_subvault_bridge,
          aquarium_subvault_balcony, aquarium_subvault_window,
          aquarium_subvault_bridge], aquarium_window_3, aquarium_window_1,
          aquarium_window_1, aquarium_view_2a, aquarium_view_2b, aquarium_pool_2
